 Dungeon Crawl Stone Soup version 0.24-a0-479-g9a978d2894 (webtiles) character file.

Game seed: 2010392138580056205

34 Murumi the Grave Robber (level 3, 0/26 HPs)
             Began as a Mummy Necromancer on July 7, 2019.
             Slain by a goblin
             ... wielding a +0 dagger
             ... led by Robin
              (1 damage)
             ... on level 2 of the Dungeon.
             The game lasted 00:09:34 (1545 turns).

Murumi the Grave Robber (Mummy Necromancer)         Turns: 1545, Time: 00:09:34

Health: 0/26       AC:  3    Str: 11    XL:     3   Next: 14%
Magic:  0/16       EV: 12    Int: 15    God:
Gold:   10         SH:  0    Dex: 12    Spells: 3/8 levels left

rFire    x . .     SeeInvis .   (no weapon)
rCold    + . .     Gourm    .   (no shield)
rNeg     + + +     Faith    .   a - +0 robe
rPois    ∞         Spirit   +   f - +0 helmet
rElec    .         Reflect  .   g - scarf {Spirit}
rCorr    .         Harm     .   (no gloves)
MR       .....                  (no boots)
Stlth    ++........             (no amulet)
HPRegen  0.08/turn              b - ring of magical power
MPRegen  0.15/turn              (no ring)

@: no status effects
A: no food or potions, fire vulnerability, cold resistance 1, negative energy
resistance 3, torment resistance, unbreathing
a: no special abilities


You were on level 2 of the Dungeon.
You were not hungry.

You visited 1 branch of the dungeon, and saw 2 of its levels.

You collected 10 gold pieces.

Inventory:

Missiles
 d - 41 stones (quivered)
 e - 3 javelins
Armour
 a - a +0 robe (worn)
 f - a +0 helmet (worn)
 g - a scarf of spirit shield (worn)
Jewellery
 b - a ring of magical power (left hand)
Scrolls
 c - 2 scrolls of identify


   Skills:
 - Level 1.1 Fighting
 - Level 2.0 Dodging
 - Level 2.0 Stealth
 + Level 3.4 Spellcasting
 - Level 4.0 Necromancy


You had 3 spell levels left.
You knew the following spells:

 Your Spells              Type           Power        Failure   Level  Hunger
a - Pain                  Necr           ##..         3%          1    N/A
b - Animate Skeleton      Necr           N/A          3%          1    N/A
c - Vampiric Draining     Necr           ##........   11%         3    N/A

Your spell library contained the following spells:

 Spells                   Type           Power        Failure   Level  Hunger
 Animate Dead             Necr           N/A          36%         4    N/A
 Regeneration             Chrm/Necr      Unusable     N/A         3    N/A

Dungeon Overview and Level Annotations

Branches:
Dungeon (2/15)

Altars:

Annotations:
D:2 Robin, Sigmund


Innate Abilities, Weirdness & Mutations

You do not eat or drink.
Your flesh is vulnerable to fire.
You are immune to poison.
Your flesh is cold resistant. (rC+)
You are immune to negative energy. (rN+++)
You are immune to unholy pain and torment.
You can survive without breathing.


Message History

* * * LOW HITPOINT WARNING * * *
The hobgoblin no longer looks unusually strong.
The goblin no longer looks unusually strong.
Robin roars a battlecry!
The goblins go into a battle-frenzy!
The hobgoblin barely misses you. Robin throws the goblin at you!
* * * LOW HITPOINT WARNING * * *
The goblin closely misses you.
You closely miss the goblin.
The goblin no longer looks unusually strong.
Robin roars a battlecry!
The goblin goes into a battle-frenzy!
The goblin hits you with a +0 dagger.
* * * LOW HITPOINT WARNING * * *
The goblin hits you with a +0 club.
* * * LOW HITPOINT WARNING * * *
The goblin no longer looks unusually strong. x2
The goblin hits you with a +0 dagger.
You die...

#.##.######
####.........
......@...# #.########
#### #<....... ... ...
#.####### #.# #.## .#
#.#########.###..###.##
......................#
#.# #g@............!.
#.#####.g.#.#.....#...#
......ggg......<.....s.
.......gs....).........
#....##..g........#....
#.... #...#.......#....
#.#..##...#............
. ....................
.....................


You could see Robin, a giant cockroach, 2 hobgoblins and 4 goblins.

Vanquished Creatures
  A dart slug (D:1)
  A leopard gecko (D:1)
  A giant cockroach (D:1)
  11 goblins
  A hobgoblin (D:1)
  3 jackals (D:1)
  A ball python (D:1)
  A bat (D:1)
  A frilled lizard (D:1)
  A kobold (D:1)
  3 rats (D:1)
25 creatures vanquished.

Vanquished Creatures (collateral kills)
  A bat (D:1)
  A goblin (D:1)
  A hobgoblin (D:1)
  A frilled lizard (D:1)
4 creatures vanquished.

Grand Total: 29 creatures vanquished

Notes
Turn   | Place    | Note
-------+----------+-------------------------------------------
     0 | D:1      | Murumi the Mummy Necromancer began the quest for the Orb.
     0 | D:1      | Reached XP level 1. HP: 13/13 MP: 4/4
    75 | D:1      | Learned a level 1 spell: Animate Skeleton
   272 | D:1      | Reached XP level 2. HP: 16/19 MP: 6/6
   684 | D:1      | Reached skill level 1 in Fighting
  1009 | D:2      | Noticed Robin
  1022 | D:1      | Reached XP level 3. HP: 19/26 MP: 7/7
  1127 | D:1      | Learned a level 3 spell: Vampiric Draining
  1196 | D:2      | Noticed Sigmund
  1544 | D:2      | HP: 1/26 [goblin/+0 club[Robin] (2)]
  1545 | D:2      | Slain by a goblin

Levels and vault maps discovered:
D:1:      zaba_arrival_water, layout_basic, minmay_fountain_box
D:2:      layout_basic, grunt_temple_overflow_diamond, bloody_trog,
          solitary_fountain, uniq_robin, uniq_terence, uniq_sigmund

Skill      XL: |  1  2 |
---------------+-------+-----
Spellcasting   | 3 |  3.4
Dodging        | 2 |  2.0
Stealth        | 2 |  2.0
Fighting       | 1 |  1.1
Necromancy     | |  4.0

Action                   || total
-------------------------++-------
Melee: Unarmed           ||    18
 Cast: Pain              ||    45
       Animate Skeleton  ||    13
       Vampiric Draining ||     3
  Use: Scroll            ||     4
Armor: Robe              ||    12
Dodge: Dodged            ||    50

Table legend:
 A = Non-vault XP
 B = Vault XP
 C = Vault XP percentage of total XP
 D = Non-vault monster count
 E = Vault monster count
 F = Vault count percentage of total count
                 A         B        C        D         E       F
            +---------+---------+-------+---------+---------+-------
      Total |      39 |      10 |  20.4 |      24 |       5 |  17.2
            +---------+---------+-------+---------+---------+-------
        D:1 |      37 |       8 |  17.8 |      23 |       4 |  14.8
        D:2 |       2 |       2 |  50.0 |       1 |       1 |  50.0
            +---------+---------+-------+---------+---------+-------
